Map: [ESL] Altitude

Players

ShoWTimE

  • Race: Protoss Protoss
  • League: Grandmaster
  • Spawn Location: 7:00

Spirit (souL) - Winner!

  • Race: Terran Terran
  • League: Master
  • Spawn Location: 1:00

Event: HomeStory Cup XXIII

VOD

Have the link to the VOD?

Description

Time

  • Played on: July 1, 2023, 1:31 p.m.
  • Length: 11:26

All games in this series

Show
View Real Time Build Order
Export as new Build Order

ShoWTimE Protoss 

Build Orders: 1 Gate Expand, Phoenix Opening, Blink Stalkers 

Get SALT Encoding   

  12  0:00  Probe  
  13  0:12  Probe  
  14  0:17  Pylon  
  14  0:24  Probe (Chrono Boost)  
  15  0:36  Probe (Chrono Boost)  
  15  0:37  Gateway  
  16  0:44  Probe (Chrono Boost)  
  16  0:45  Assimilator  
  17  0:51  Probe  
  18  1:03  Probe  
  19  1:15  Probe  
  20  1:28  Nexus  
  20  1:33  Cybernetics Core  
  20  1:35  Probe  
  21  1:41  Assimilator  
  21  1:47  Probe  
  21  1:52  Pylon  
  22  1:59  Probe  
  23  2:08  Adept (Chrono Boost)  
  23  2:10  Warp Gate  
  23  2:11  Probe  
  26  2:21  Twilight Council  
  26  2:23  Probe  
  26  2:28  Stalker (Chrono Boost)  
  27  2:35  Probe  
  30  2:40  Probe  
  31  2:47  Probe  
  32  2:52  Probe  
  32  2:53  Stalker  
  35  3:01  Blink (Chrono Boost)  
  34  3:09  Probe  
  34  3:12  Probe  
  36  3:17  Gateway  
  36  3:21  Probe  
  36  3:24  Probe  
  36  3:25  Sentry  
  40  3:33  Probe  
  41  3:36  Probe  
  41  3:38  Pylon  
  42  3:45  Probe  
  43  3:48  Probe  
  44  3:55  Nexus  
  44  3:56  Phoenix  
  44  4:00  Stalker  
  47  4:02  Probe  
  47  4:04  Probe  
  48  4:10  Robotics Facility  
  48  4:17  Stalker  
  48  4:18  Probe x2  
  52  4:26  Pylon  
  52  4:30  Probe x2  
  54  4:32  Pylon  
  54  4:34  Assimilator  
  54  4:44  Probe  
  55  4:46  Stalker x2  
  55  4:49  Probe  
  60  4:56  Probe, Pylon  
  60  4:58  Observer  
  62  5:01  Probe  
  63  5:07  Probe  
  63  5:08  Probe  
  63  5:09  Gateway  
  63  5:10  Stalker x2  
  63  5:13  Probe  
  70  5:19  Probe, Gateway  
  70  5:20  Observer  
  72  5:23  Probe  
  72  5:25  Charge (Chrono Boost), Shield Battery  
  72  5:26  Probe  
  74  5:33  Probe  
  74  5:34  Stalker  
  77  5:36  Stalker  
  77  5:41  Probe  
  77  5:42  Probe  
  81  5:45  Probe, Gateway  
  81  5:49  Pylon  
  82  5:59  Probe x3, Gateway  
  82  6:01  Stalker x2  
  81  6:11  Probe x3  
  82  6:13  Stalker  
  85  6:22  Stalker  
  85  6:23  Probe x3  
  85  6:25  Shield Battery  
  86  6:35  Probe x3, Stalker  
  86  6:37  Stalker  
  92  6:58  Stalker x3  
  92  7:00  Zealot  
  99  7:04  Pylon, Observer  
  93  7:18  Nexus  
  93  7:20  Sentry x2  
  93  7:27  Stalker x3  
  99  7:32  Shield Battery  
  97  7:44  Stalker x3  
  97  7:50  Stalker x3  
  105  8:03  Probe  
  104  8:08  Zealot  
  104  8:09  Zealot x2  
  94  8:13  Gateway  
  94  8:14  Gateway  
  94  8:18  Zealot x3  
  82  8:25  Probe x2  
  78  8:31  Stalker x3  
  78  8:37  Gateway  
  78  8:40  Zealot x3  
  78  8:43  Observer  
  78  8:46  Probe  
  69  8:49  Probe x2  
  69  8:50  Probe  
  69  8:53  Shield Battery  
  72  8:56  Observer  
  72  8:57  Stalker x3  
  72  8:58  Probe (Chrono Boost)  
  72  9:02  Probe x2 (Chrono Boost)  
  82  9:03  Probe (Chrono Boost)  
  82  9:10  Probe (Chrono Boost)  
  82  9:14  Probe x2 (Chrono Boost), Stalker  
  82  9:15  Sentry x2  
  82  9:16  Sentry  
  94  9:19  Probe x2 (Chrono Boost)  
  94  9:20  Probe x2 (Chrono Boost)  
  95  9:25  Probe, Stalker x2  
  95  9:26  Probe  
  95  9:31  Stalker  
  101  9:38  Probe x3, Pylon, Stalker  
  104  9:40  Pylon  
  106  9:46  Zealot x3  
  106  9:51  Stalker x2  
  110  9:59  Zealot x3  
  112  10:03  Zealot  
  100  10:07  Zealot x3  
  100  10:20  Stalker x4  
  108  10:22  Shield Battery  
  108  10:27  Zealot x3  
  108  10:28  Forge  
  114  10:31  Probe x3  
  114  10:32  Probe, Pylon  
  114  10:39  Zealot x2  
  104  10:43  Probe  
  104  10:45  Zealot x4  
  104  10:46  Observer  
  104  10:47  Probe  
  101  10:51  Stalker x2  
  101  10:52  Zealot  
  107  11:01  Zealot x2  
  106  11:04  Nexus  
  106  11:07  Probe  
  106  11:10  Zealot  
  106  11:11  Zealot  
  111  11:12  Probe  
  111  11:14  Probe  
  111  11:20  Zealot x2  
  111  11:21  Zealot x2  
Show
View Real Time Build Order
Export as new Build Order

Spirit Terran - Winner!

Build Orders: Reaper Expand 

Get SALT Encoding   

  12  0:00  SCV  
  13  0:12  SCV  
  14  0:17  Supply Depot  
  14  0:24  SCV  
  15  0:39  SCV  
  15  0:41  Barracks  
  16  0:45  Refinery  
  16  0:51  SCV  
  17  1:03  SCV  
  18  1:15  Engineering Bay, SCV  
  19  1:29  Orbital Command, Reaper  
  20  1:49  Command Center  
  20  1:55  SCV  
  20  2:01  Barracks Reactor  
  21  2:04  Supply Depot  
  21  2:08  SCV  
  22  2:20  SCV  
  23  2:23  Factory  
  23  2:33  Bunker  
  23  2:34  SCV  
  23  2:35  Refinery  
  24  2:37  Marine x2  
  26  2:46  SCV  
  27  2:55  Marine  
  28  2:59  SCV  
  28  3:02  Orbital Command  
  29  3:09  Marine  
  29  3:11  Widow Mine, Starport  
  31  3:13  SCV  
  31  3:18  Marine  
  33  3:25  SCV  
  34  3:27  SCV  
  34  3:28  Barracks  
  34  3:33  Widow Mine  
  37  3:37  SCV  
  37  3:39  SCV  
  39  3:42  Supply Depot  
  39  3:46  Marine x2  
  41  3:49  Medivac  
  41  3:51  SCV  
  41  3:52  SCV  
  45  3:56  Factory Tech Lab  
  45  3:59  Barracks  
  45  4:04  SCV  
  45  4:09  SCV, Supply Depot, Marine  
  48  4:12  Marine  
  48  4:16  SCV  
  50  4:20  Starport Tech Lab  
  50  4:21  SCV  
  51  4:25  Stimpack  
  51  4:26  Marauder  
  51  4:28  SCV  
  51  4:29  Engineering Bay  
  51  4:30  Marine  
  54  4:33  SCV  
  55  4:40  Raven, SCV  
  55  4:41  Supply Depot  
  55  4:45  SCV  
  59  4:47  Barracks Tech Lab  
  59  4:48  Refinery  
  59  4:51  Marine  
  59  4:52  SCV, Marine  
  61  4:57  Supply Depot  
  61  4:58  Terran Infantry Weapons Level 1  
  62  5:03  SCV  
  62  5:04  SCV  
  64  5:09  Marine x3  
  64  5:10  Refinery  
  64  5:13  Combat Shield  
  64  5:14  Marine  
  67  5:15  SCV  
  69  5:25  Starport Reactor  
  69  5:26  SCV, Factory Reactor  
  69  5:27  SCV  
  71  5:29  Marine, Supply Depot, Marauder  
  71  5:30  Marine  
  71  5:32  Supply Depot  
  75  5:36  Missile Turret  
  75  5:45  SCV x2  
  77  5:50  Marine  
  77  5:51  Marauder x2  
  81  6:02  Medivac  
  81  6:03  Medivac  
  85  6:05  Concussive Shells  
  85  6:07  Marine  
  85  6:10  Command Center  
  86  6:12  Marauder x2  
  86  6:15  Widow Mine x2, Supply Depot  
  86  6:16  Supply Depot  
  92  6:25  Marine  
  92  6:32  Medivac  
  92  6:36  Marine  
  92  6:37  Widow Mine, Marauder x2  
  92  6:38  Widow Mine  
  102  6:40  Supply Depot x2  
  102  6:44  Marine  
  101  6:53  Terran Infantry Armor Level 1  
  101  6:54  Marine  
  101  6:57  Medivac  
  101  6:58  Widow Mine, Marauder x2  
  110  7:02  Widow Mine  
  110  7:06  SCV  
  113  7:09  SCV  
  113  7:11  Barracks x2  
  110  7:17  Marine  
  110  7:19  Marauder x2  
  110  7:20  Widow Mine  
  110  7:21  Marine  
  118  7:23  Widow Mine  
  118  7:25  SCV  
  121  7:33  Medivac  
  121  7:35  Marine  
  123  7:39  Orbital Command, Marine  
  123  7:41  Widow Mine, Marauder x2, SCV  
  123  7:42  SCV  
  130  7:53  Marine, SCV  
  130  7:54  SCV  
  130  7:57  Marine  
  126  8:02  Marauder  
  126  8:04  Marauder  
  126  8:05  SCV  
  128  8:06  SCV  
  128  8:07  SCV  
  128  8:09  Medivac x2  
  128  8:11  Marine  
  123  8:15  Marine  
  123  8:17  SCV  
  123  8:18  SCV  
  116  8:23  Widow Mine, Marauder  
  116  8:25  Marine  
  114  8:29  Marine  
  114  8:31  SCV  
  114  8:33  Marine  
  111  8:38  SCV  
  111  8:39  Medivac x2  
  111  8:40  SCV  
  110  8:43  Marauder  
  110  8:44  SCV, Marine  
  110  8:46  Marine  
  110  8:47  Orbital Command  
  101  8:50  Marine, Barracks Reactor, Barracks Tech Lab  
  101  8:52  Widow Mine x2  
  101  8:53  SCV  
  107  8:56  SCV  
  107  9:02  Marine  
  109  9:03  Armory  
  109  9:04  Marine  
  109  9:06  Ghost Academy  
  109  9:09  Marauder, Medivac x2  
  116  9:13  Widow Mine  
  118  9:18  Marine  
  118  9:20  Marauder  
  118  9:22  Marauder, Marine  
  123  9:26  Marine  
  123  9:27  Marine  
  123  9:30  Marine  
  123  9:31  Widow Mine  
  125  9:35  Widow Mine  
  125  9:36  Marine, Sensor Tower  
  128  9:40  Marine  
  128  9:42  Marauder  
  128  9:44  Marauder, Marine  
  128  9:45  Marine  
  135  9:49  Marauder  
  134  9:53  Marine  
  134  9:58  Marine  
  130  10:06  Medivac  
  131  10:10  Widow Mine x2  
  134  10:17  Medivac  
  134  10:19  Command Center, Ghost x3  
  134  10:20  Marine  
  131  10:22  Marine  
  131  10:25  Marine, Refinery  
  131  10:26  Refinery  
  131  10:27  Marine  
  131  10:28  Supply Depot  
  134  10:29  Supply Depot  
  134  10:30  SCV  
  134  10:32  Widow Mine  
  134  10:33  SCV  
  134  10:35  Widow Mine  
  139  10:37  Marine  
  139  10:40  Marine  
  133  10:42  Marine  
  133  10:45  Marine  
  133  10:48  Marine, Marauder, SCV  
  133  10:49  Marauder  
  136  10:53  Widow Mine  
  136  10:54  SCV  
  136  10:55  Marine  
  140  10:58  Marine  
  140  11:00  Marine  
  140  11:03  Marine  
  143  11:09  Barracks  
  143  11:10  Barracks  
  150  11:12  Barracks  
  150  11:13  SCV x2  
Tags
 
Add a new tag
Caveats
  • Supply blocks, unpowered buildings, or Contaminate may cause inaccurate times.
  • Supply counts are checked every 10 seconds.